 Dungeon Crawl Stone Soup version 0.27-a0-1081-ge8a0a9c698 (webtiles) character file.

Game seed: 13465273969207654935

1002593 gimp the Bringer of Law (level 27, -9/213 HPs)
             Began as a Djinni Fighter on Apr 25, 2021.
             Was the Champion of Zin.
             Killed from afar by a Brimstone Fiend (47 damage)
             ... with damnation
             ... created by the effects of Hell
             ... on level 3 of Gehenna.
             The game lasted 03:17:27 (121841 turns).

gimp the Bringer of Law (Djinni Fighter)          Turns: 121841, Time: 03:17:27

Health: -9/213     AC: 60    Str: 31    XL:     27
Gold:   5366       EV: 17    Int: 14    God:    Zin [******] SH: 23 Dex: 21

rFire    + + +     SeeInvis +   a - +10 double sword "Itwemp" {protect, rCorr Str+3 Int-3}
rCold    + + .     Faith    .   T - +2 shield of Resistance {rF++ rC++ Will++}
rNeg     + + +     Spirit   .   f - +12 gold dragon scales
rPois    ∞         Reflect  +   Y - +5 helmet of Peojuy {Contam rElec rPois Int+4}
rElec    +         Harm     .   A - +2 cloak {Will+}
rCorr    +         Rampage  .   y - +2 pair of gloves {Dex+3}
Will     +++++                  (boots unavailable)
Stlth    ..........             i - amulet "Vuvainn" {Reflect rCorr Slay+2 SH+5}
HPRegen  0.45/turn              H - ring of see invisible
MPRegen  0.00/turn              J - ring "Cotakkykk" {rPois rF- rN+++ Str+6 Dex+2}

@: under a protective aura, on recite cooldown, flying, studying 2 skills
A: fire resistance 2, cold vulnerability 1, float, innate caster, hp casting,
extra vitality 1
}: 11/15 runes: serpentine, barnacled, slimy, silver, iron, abyssal, demonic,
glowing, magical, fiery, dark
a: Renounce Religion, Recite, Vitalisation, Imprison, Sanctuary, Donate Gold


You were on level 3 of Gehenna.
You worshipped Zin.
Zin was exalted by your worship.
You visited 13 branches of the dungeon, and saw 61 of its levels.
You visited Pandemonium 1 time, and saw 18 of its levels.
You visited the Abyss 2 times.
You visited 1 ziggurat, and saw 6 of its levels.
You also visited: Trove.

You collected 13819 gold pieces.
You spent 7043 gold pieces at shops.
You donated 1410 gold pieces to Zin.

Inventory:

Hand Weapons
 a - the +10 double sword "Itwemp" (weapon) {protect, rCorr Str+3 Int-3}
   (You acquired it on level 6 of the Dungeon)

   It grants its wielder temporary protection when it strikes (+7 to AC).
   It affects your strength (+3).
   It affects your intelligence (-3).
   It protects you from acid and corrosion.
 b - the +3 double sword "Ereppugi" {antimagic, MP-9 Int+5 Dex+10}
   (Okawaru gifted it to you on level 10 of the Dungeon)

   It reduces the magical energy of the wielder, and disrupts the spells and
   magical abilities of those hit.
   Natural abilities and divine invocations are not affected.
   It affects your intelligence (+5).
   It affects your dexterity (+10).
   It affects your magic capacity (-9).
 n - a +9 double sword of freezing
Missiles
 c - 24 atropa-tipped darts
 g - 106 javelins (quivered)
 o - 20 curare-tipped darts
 G - 12 throwing nets
 W - 28 silver javelins
Armour
 f - +12 gold dragon scales (worn)
 y - a +2 pair of gloves of dexterity (worn)
 A - a +2 cloak of willpower (worn)
 R - a scarf of resistance
 T - the +2 shield of Resistance (worn) {rF++ rC++ Will++}
   (You took it off a vault sentinel on level 5 of the Vaults)

   It greatly protects you from fire.
   It greatly protects you from cold.
   It greatly increases your willpower.
 Y - the +5 helmet of Peojuy (worn) {Contam rElec rPois Int+4}
   (You found it on level 14 of the Dungeon)

   It affects your intelligence (+4).
   It insulates you from electricity.
   It protects you from poison.
   It causes magical contamination when unequipped.
Jewellery
 i - the amulet "Vuvainn" (around neck) {Reflect rCorr Slay+2 SH+5}
   (You found it on level 5 of the Pits of Slime)

   [amulet of reflection]

   It reflects blocked missile attacks.
   It affects your accuracy and damage with ranged weapons and melee attacks
   (+2).
   It protects you from acid and corrosion.
   It affects your SH (+5).
 j - the ring of Skepticism {rF+ rN+ Will+ Dex-3 SInv}
   (You found it on level 3 of a ziggurat)

   [ring of protection from fire]

   It affects your dexterity (-3).
   It protects you from fire.
   It protects you from negative energy.
   It lets you see invisible.
   It increases your willpower.
 x - the ring of Ethif {rC+ Str+4 Slay+4}
   (You bought it in a shop on level 2 of the Shoals)

   [ring of slaying]

   It affects your strength (+4).
   It affects your accuracy and damage with ranged weapons and melee attacks
   (+4).
   It protects you from cold.
 F - an amulet of regeneration
 H - a ring of see invisible (left hand)
 J - the ring "Cotakkykk" (right hand) {rPois rF- rN+++ Str+6 Dex+2}
   (You bought it in a shop on level 2 of the Snake Pit)

   [ring of strength]

   It affects your strength (+6).
   It affects your dexterity (+2).
   It makes you vulnerable to fire.
   It protects you from poison.
   It renders you almost immune to negative energy.
Wands
 r - a wand of iceblast (41)
 t - a wand of digging (17)
 w - a wand of mindburst (32)
 B - a wand of paralysis (56)
 I - a wand of acid (29)
 O - a wand of flame (314)
Scrolls
 d - 4 scrolls of immolation
 k - 30 scrolls of teleportation
 z - 9 scrolls of magic mapping
 D - 6 scrolls of fear
 E - a scroll of enchant armour
 P - 8 scrolls of blinking
 S - 7 scrolls of silence
 V - a scroll of holy word
 X - 4 scrolls of fog
Potions
 e - 15 potions of curing
 h - 11 potions of haste
 l - 3 potions of invisibility
 p - 5 potions of heal wounds
 q - 4 potions of cancellation
 s - 9 potions of might
 u - 10 potions of mutation
 C - 5 potions of ambrosia
 M - 7 potions of resistance
Miscellaneous
 m - a tin of tremorstones (2/2)
 K - a lightning rod (4/4)
 L - a phantom mirror
 Q - a phial of floods


   Skills:
 + Level 22.6 Fighting
 - Level 19.0 Long Blades
 - Level 16.0 Throwing
 - Level 25.6 Armour
 - Level 15.0 Dodging
 - Level 15.0 Shields
 * Level 26.6 Invocations
 - Level 15.0 Evocations


You couldn't memorise any spells.
You knew the following spells:

 Your Spells              Type           Power      Damage    Failure   Level
a - Corona                Hex            0%         N/A       85%         1
b - Static Discharge      Conj/Air       0%         N/A       94%         2
c - Ignite Poison         Fire/Tmut/Pois 0%         N/A       99%         3
d - Animate Armour        Summ/Erth      0%         N/A       100%        4
e - Summon Mana Viper     Hex/Summ       0%         N/A       100%        5
f - Alistair's Intoxicat  Tmut/Pois      0%         N/A       100%        5
g - Dispersal             Tloc           0%         N/A       100%        6
h - Simulacrum            Ice/Necr       0%         N/A       100%        6
i - Ozocubu's Refrigerat  Ice            0%         4d5       100%        7
j - Necromutation         Tmut/Necr      0%         N/A       100%        8
k - Ignition              Fire           0%         3d3       100%        8
l - Disjunction           Tloc           0%         N/A       100%        8
m - Death's Door          Necr           0%         N/A       100%        9
Your spell library was empty.


Dungeon Overview and Level Annotations

Branches:
Dungeon (15/15)            Temple (1/1) D:5            Lair (6/6) D:9
 Shoals (4/4) Lair:3        Snake (4/4) Lair:3        Slime (5/5) Lair:6
    Orc (2/2) D:12            Elf (0/3) Orc:2        Vaults (5/5) D:13
  Crypt (3/3) Vaults:3       Tomb (0/3) Crypt:3      Depths (5/5) D:15
   Hell (visited)             Dis (7/7) Hell            Geh (3/7) Hell
    Coc (0/7) Hell            Tar (0/7) Hell            Zot (0/5) Depths:5

Altars:
Ashenzari
Cheibriados
Dithmenos
Elyvilon
Fedhas
Gozag
Hepliaklqana
Kikubaaqudgha
Makhleb
Nemelex Xobeh
Okawaru
Qazlal
Ru
Sif Muna
Trog
Uskayaw
Vehumet
Wu Jian
Xom
Yredelemnul
Zin
The Shining One
Beogh
Jiyva
Lugonu

Shops:
D:3 (   D:5 [   Orc:2 =?[?*   Shoals:2 =[(   Snake:2 ::=   Snake:3 (
Vaults:2 ?   Depths:1 *   Depths:2 *:[

Portals:
Hell: Depths:1 Depths:2 Depths:3 Depths:4 Depths:5
Abyss: Depths:1 Depths:4 Depths:5
Pandemonium: Depths:3

Annotations:
D:14 2 transporters, Reont's ghost, journeyman TeGl
Dis:7 Dispater
Geh:3 10 runed doors


Innate Abilities, Weirdness & Mutations

You are immune to poison.
Your flesh is very heat resistant. (rF++)
You are vulnerable to cold. (rC-)
You float through the air rather than walking.
You learn spells naturally, not from books.
Your magical power is your life essence.
You have superior vitality. (+4 HP)


Message History

The Brimstone Fiend hits you but does no damage.
You take 31 damage, and have 86/213 hp.
Unknown command.
You slice the Brimstone Fiend!!
Your weapon exudes an aura of protection.
The Brimstone Fiend is moderately wounded.
You slash the hellion!
You kill the hellion! "...the wrath of Zin, and thus be castigated!"
You finish reciting Anathema 10:23.
The Brimstone Fiend hits you. You block the Brimstone Fiend's attack.
The Brimstone Fiend hits you but does no damage.
You take 5 damage, and have 81/213 hp.
You slice the Brimstone Fiend!!
The Brimstone Fiend is heavily wounded.
The Brimstone Fiend calls on the powers of darkness!
Your body is wracked with pain!
* * * LOW HITPOINT WARNING * * *
You take 26 damage, and have 55/213 hp.
You slash the Brimstone Fiend!
The Brimstone Fiend is severely wounded.
You hit the Brimstone Fiend but do no damage.
The Brimstone Fiend is severely wounded.
You block the Brimstone Fiend's attack.
The Brimstone Fiend hits you but does no damage.
The Brimstone Fiend barely misses you.
You hit the Brimstone Fiend.
The Brimstone Fiend is severely wounded.
The Brimstone Fiend calls on the powers of darkness!
Your body is wracked with pain!
* * * LOW HITPOINT WARNING * * *
You take 17 damage, and have 38/213 hp.
You slash the Brimstone Fiend!
The Brimstone Fiend is severely wounded.
You slash the Brimstone Fiend!
The Brimstone Fiend is almost dead.
The Brimstone Fiend gestures at you.
The sphere of damnation explodes!
The damnation engulfs you!!!
You die...

#≈.......#
.≈##≈..†...##
..≈§...∩).)##
..§§......§)###
#....≈≈§.≈≈)).#####
##..≈##§§≈§....§..###
##.≈ #####..†.∩≈...#
#.. ##..##..§§##≈.#
#... +.@..#..§≈≈§§.#
... #.1..+.........
##...#..........
++++++++++∩.... .....
..... .


You could see a Brimstone Fiend (corona).

Vanquished Creatures
  Cerebov (Pan)
  the Royal Jelly (Slime:5)
  Gloorx Vloq (Pan)
  A pandemonium lord (Pan)
  Lom Lobon (Pan)
  Mnoleg (Pan)
  A dread lich (Crypt:3)
  Mara (Snake:4)
  3 juggernauts
  Vashnia (Snake:3)
  Bai Suzhen (Depths:1)
  A caustic shrike (Depths:3)
  Geryon (Hell)
  6 golden dragons
  the Enchantress (Depths:3)
  A pearl dragon (Zig:3)
  3 bone dragons
  7 iron giants
  A shard shrike zombie (Crypt:2)
  2 Tzitzimimeh (Pan)
  8 tentacled monstrosities
  7 Brimstone Fiends
  3 Ice Fiends
  9 Hell Sentinels
  11 deep elf master archers
  5 deep elf blademasters
  8 liches
  19 titans
  17 acid blobs
  A quicksilver dragon (Depths:4)
  24 Executioners
  Polyphemus (Shoals:3)
  15 ancient champions
  7 storm dragons
  13 sphinxes
  5 tentacled starspawn
  The ghost of Cutsopp the Severer, an adept MiBe of Trog (D:15)
  7 tengu reavers
  10 nagarajas
  7 shadow dragons
  2 daevas (Pan)
  5 revenants
  Ilsuiw (Shoals:3)
  12 rockslimes
  9 azure jellies
  An azure jelly (shapeshifter) (Depths:2)
  3 corrupters (Pan)
  2 orc warlords (Vaults:3)
  28 frost giants
  15 vault wardens
  2 deep elf sorcerers
  A draconian knight (Zig:2)
  19 fire giants
  5 warmongers (Pan)
  20 balrugs
  21 iron dragons
  24 cacodemons
  A draconian scorcher (Depths:5)
  4 angels
  A deep elf elementalist (Depths:3)
  4 curse skulls
  31 ironbound preservers
  6 black suns (Pan)
  Aizul (Snake:4)
  5 draconian annihilators
  3 blood saints (Pan)
  7 ghouls
  10 quicksilver oozes
  37 stone giants
  36 very ugly things
  6 spriggan defenders
  10 war gargoyles
  34 reapers
  9 vampire knights
  4 dire elephants
  An apis (Zig:3)
  14 lorocyprocas
  4 green draconians
  4 entropy weavers
  A black draconian (Depths:5)
  7 spark wasps
  6 deep elf annihilators
  2 white draconians (Depths:5)
  A deep elf demonologist (Vaults:5)
  A yellow draconian (Crypt:1)
  8 merfolk javelineers
  4 purple draconians
  10 green deaths
  5 deep elf death magi
  16 ettins
  2 eidola
  A mummy priest (Zig:5)
  10 merfolk impalers
  2 quicksilver dragon zombies
  9 crystal guardians
  2 great orbs of eyes (shapeshifter) (Abyss:4)
  7 jiangshi (Crypt:1)
  33 vault guards
  22 blizzard demons
  15 yaktaur captains
  7 fire dragons
  6 ironbound thunderhulks
  11 great orbs of eyes
  8 boulder beetles
  4 deep elf high priests
  Fannar (Lair:2)
  2 quicksilver dragon skeletons
  2 salamander tyrants
  2 monstrous demonspawn (Pan)
  20 naga warriors
  10 rakshasas
  13 ice dragons
  7 ironbound frosthearts
  11 hydras
  A hell beast (Pan)
  A juggernaut simulacrum (Pan)
  2 peacekeepers
  Erolcha (D:12)
  8 spriggan air magi
  5 merfolk avatars
  6 centaur warriors
  6 ogre magi
  2 catoblepae
  9 anacondas
  8 deep troll shamans
  An alligator (Lair:3)
  4 satyrs
  24 two-headed ogres
  4 merfolk aquamancers
  A satyr (shapeshifter) (Vaults:5)
  6 deep troll earth magi
  6 dancing weapons
  9 titan zombies
  2 death yaks (Shoals:3)
  The ghost of Sobieck the Thaumaturge, a journeyman DEFE of Sif Muna (D:11)
  7 ironbound beastmasters
  11 tengu warriors
  10 thrashing horrors
  4 vampire magi
  3 hell hogs (Dis:2)
  11 shock serpents
  3 orc high priests
  6 spriggan berserkers
  5 deep elf knights
  56 sun demons
  An iron golem (Dis:3)
  3 titan skeletons
  6 holy swine (Pan)
  10 naga sharpshooters
  2 wretched stars (Abyss:1)
  6 storm dragon zombies
  22 sixfirhies
  26 hell knights
  23 soul eaters
  5 shadow wraiths
  10 iron trolls
  63 skeletal warriors
  2 golden dragon zombies
  A storm dragon skeleton (Pan)
  8 salamander mystics
  4 shadow demons (Pan)
  71 deep trolls
  An iron giant zombie (Crypt:1)
  A spatial maelstrom (Abyss:3)
  6 glowing orange brains
  14 starcursed masses
  A ghost moth zombie (Dis:1)
  2 swamp dragons (Lair:4)
  2 goliath frogs
  2 anaconda zombies (Dis:2)
  7 sea snakes
  2 orange crystal statues
  8 torturous demonspawn (Pan)
  2 infernal demonspawn (Pan)
  10 phantasmal warriors
  4 gelid demonspawn (Pan)
  12 wizards
  6 naga ritualists
  A bog body (Crypt:2)
  An iron giant skeleton (Crypt:2)
  7 flayed ghosts
  5 lindwurms
  10 deep elf pyromancers
  4 shadow dragon zombies
  10 orc knights
  22 ironbound convokers
  5 deep elf archers
  3 golden dragon skeletons
  4 iron dragon zombies
  49 ugly things
  7 harpies
  24 necromancers
  3 anaconda skeletons
  An orb spider (shapeshifter) (Vaults:5)
  4 wolf spider zombies
  2 shadow dragon skeletons
  7 mana vipers
  4 deep elf zephyrmancers
  7 shining eyes
  7 fire giant zombies
  11 manticores
  2 oklob plants (Lair:3)
  9 fauns
  5 orc sorcerers
  8 cyclopes
  3 stone giant zombies
  8 frost giant zombies
  22 salamanders
  A worldbinder (Abyss:3)
  3 centaur zombies
  2 frost giant skeletons
  2 guardian serpents (shapeshifter) (Abyss:4)
  An apocalypse crab (Abyss:3)
  A fire giant skeleton (Geh:1)
  10 merfolk sirens
  2 sphinx skeletons
  26 vault sentinels
  7 stone giant skeletons
  2 dire elephant zombies
  14 elephants
  29 black mambas
  56 rust devils
  5 molten gargoyles
  A moth of wrath (shapeshifter) (Abyss:4)
  7 ice statues
  5 water nymphs
  10 guardian serpents
  4 gargoyles
  25 naga magi
  A torpor snail (Lair:6)
  2 dire elephant skeletons
  13 hellions
  An eye of devastation (Slime:4)
  19 orange demons
  4 kobold demonologists
  4 human zombies
  19 cane toads
  69 smoke demons
  A minotaur zombie (Geh:1)
  18 demonic crawlers
  10 komodo dragons
  13 efreet
  8 unseen horrors (Abyss:4)
  5 rime drakes
  14 freezing wraiths
  A komodo dragon (shapeshifter) (Vaults:4)
  5 tengu conjurers
  25 ice devils
  A grey draconian skeleton (Crypt:1)
  30 yaktaurs
  2 emperor scorpion zombies
  36 red devils
  46 tormentors
  An anaconda simulacrum (Hell)
  17 hellwings
  A minotaur skeleton (Crypt:2)
  36 merfolk
  A tyrant leech (Lair:4)
  2 ancient zymes
  7 hydra zombies
  5 hornets
  3 guardian mummies (Zig:5)
  11 trolls
  A harpy zombie (Dis:5)
  10 wind drakes
  15 raiju (Abyss:3)
  A jumping spider (Vaults:3)
  2 harpy skeletons (Pan)
  8 polar bears
  5 alligator zombies
  A sphinx simulacrum (Depths:2)
  33 blink frogs
  4 hydra skeletons
  2 guardian serpent zombies (Crypt:1)
  11 ettin zombies
  14 dream sheep
  A snapping turtle (Shoals:1)
  2 stone giant simulacra
  112 slime creatures
  A frost giant simulacrum (Depths:1)
  2 redbacks (Vaults:3)
  2 ice dragon skeletons
  3 ice dragon zombies
  68 flying skulls
  21 wraiths
  14 shadows
  An alligator skeleton (Hell)
  A black mamba zombie (Dis:5)
  3 ettin skeletons
  A tarantella (shapeshifter) (Vaults:5)
  2 fire dragon skeletons
  A vampire (D:11)
  4 spriggans
  5 wyverns
  An ushabti (Zig:5)
  24 ynoxinuls
  17 water elementals
  A black mamba skeleton (Geh:1)
  7 fire elementals
  A hog (shapeshifter) (D:14)
  38 yaks
  5 basilisks
  9 fire bats
  25 neqoxecs
  5 vampire mosquitoes
  23 chaos spawn
  2 elf skeletons
  17 golden eyes
  2 steam dragons
  A human simulacrum (Vaults:1)
  A swamp worm (Lair:4)
  Edmund (D:6)
  A gelid demonspawn zombie (Crypt:1)
  40 large abominations
  13 water moccasins
  61 nagas
  4 wargs
  A cane toad zombie (Dis:6)
  52 hell hounds
  An acid dragon (D:8)
  Duvessa (D:6)
  3 floating eyes (Depths:3)
  2 cane toad skeletons
  3 hydra simulacra (Hell)
  30 orc warriors
  8 snapping turtle zombies
  A sky beast (D:6)
  2 black bears (D:5)
  7 necrophages
  25 ogres
  20 centaurs
  18 wolves
  3 manticore zombies
  An elephant skeleton (Crypt:1)
  3 boggarts (Vaults:1)
  2 snapping turtle skeletons
  3 phantoms
  2 swamp dragon skeletons
  4 kobold brigands
  Blork the orc (D:6)
  16 bullfrogs
  3 gnoll sergeants
  A cane toad simulacrum (Crypt:1)
  4 scorpions
  Dowan (D:6)
  2 water moccasin skeletons
  11 small abominations
  3 troll zombies (D:12)
  3 killer bees (D:8)
  33 wights
  5 electric eels (D:9)
  2 howler monkeys
  A crimson imp (Geh:1)
  7 hounds
  6 jellies
  15 orc priests
  3 centaur skeletons
  Crazy Yiuf (D:2)
  3 gnoll shamans
  29 iron imps
  7 iguanas
  15 orc wizards
  A demonspawn skeleton (Crypt:2)
  A killer bee zombie (D:7)
  5 ogre zombies (D:12)
  A naga skeleton (Pan)
  9 mummies
  Robin (D:2)
  18 gnolls
  5 adders
  A howler monkey skeleton (D:5)
  2 shadow imps
  2 white imps
  2 ufetubi
  A halfling zombie (Crypt:1)
  An adder skeleton (D:4)
  2 worms
  3 dart slugs
  49 orcs
  A ball python (D:3)
  5 bats
  9 endoplasms
  4 giant cockroaches
  7 goblins
  17 hobgoblins
  3 quokkas
  A frilled lizard (D:1)
  2 goblin skeletons (D:12)
  3 goblin zombies (D:12)
  2 hobgoblin skeletons (D:12)
  3 hobgoblin zombies (D:12)
  33 kobolds
  A kobold skeleton (Crypt:1)
  A kobold zombie (Dis:7)
  5 orc skeletons (D:12)
  10 orc zombies (D:12)
  5 rats
  A spectral kobold (D:12)
  2 lurking horrors (Abyss:4)
  A pillar of salt (Dis:3)
  4 starspawn tentacles (Abyss:1)
3587 creatures vanquished.

Vanquished Creatures (collateral kills)
  A naga warrior (Snake:4)
  A salamander tyrant (Snake:4)
  A salamander mystic (Snake:4)
  A mana viper (Snake:4)
  A salamander (Snake:4)
  A naga mage (Snake:4)
  3 nagas (Snake:4)
  3 ball lightnings (Pan)
12 creatures vanquished.

Vanquished Creatures (others)
  A titan (Pan)
  2 eldritch tentacles (Pan)
  A fire giant (Depths:4)
  A frost giant (Slime:3)
  A blood saint (Pan)
  A vampire knight (Depths:1)
  A red draconian (Slime:3)
  A blizzard demon (Pan)
  A sun demon (Pan)
  A soul eater (Pan)
  A deep elf knight (Lair:6)
  2 deep elf archers (Lair:6)
  2 wizards
  A deep elf pyromancer (Lair:6)
  2 deep elf zephyrmancers (Lair:6)
  A manticore (Shoals:1)
  A guardian serpent (Snake:2)
  A hellwing (Pan)
  2 raiju (Abyss:3)
  A large abomination (Abyss:3)
  2 ynoxinuls (Pan)
  A wraith (Dis:7)
  3 flying skulls (Geh:3)
  A naga (Snake:1)
  A swamp worm (Lair:4)
  A hell hound (Dis:3)
  2 orc warriors (Vaults:3)
  An orc priest (Orc:1)
  An orc (Orc:2)
  A kobold (D:7)
  An orc skeleton (Geh:1)
  12 ball lightnings (Pan)
  A bush (Lair:4)
  2 demonic plants
  52 fungi
  A lurking horror (Abyss:3)
  33 pillars of salt
  144 plants
  5 starspawn tentacles
290 creatures vanquished.

Grand Total: 3889 creatures vanquished

Notes
Turn   | Place    | Note
-------+----------+-------------------------------------------
     0 | D:1      | gimp the Djinni Fighter began the quest for the Orb.
     0 | D:1      | Reached XP level 1. HP: 20/20 MP: 0/0
   109 | D:1      | Reached XP level 2. HP: 24/25 MP: 0/0
   668 | D:1      | Found a faded altar of an unknown god.
   717 | D:2      | Reached XP level 3. HP: 21/30 MP: 0/0
   717 | D:2      | Learned a level 1 spell: Corona
  1148 | D:2      | Found a hazy altar of Hepliaklqana.
  1173 | D:2      | Noticed Robin
  1177 | D:2      | HP: 1/30 [goblin/+0 spear (2)]
  1211 | D:2      | Reached XP level 4. HP: 31/35 MP: 0/0
  1451 | D:1      | Reached skill level 5 in Shields
  1640 | D:2      | Killed Robin
  1939 | D:2      | Found a runed translucent door.
  1940 | D:2      | Noticed Crazy Yiuf
  1948 | D:2      | Killed Crazy Yiuf
  2254 | D:3      | Reached XP level 5. HP: 40/40 MP: 0/0
  2254 | D:3      | Learned a level 2 spell: Static Discharge
  2686 | D:3      | Found a shadowy altar of Dithmenos.
  2687 | D:3      | Found a snail-covered altar of Cheibriados.
  2800 | D:3      | Found Qemime's Antique Weapon Boutique.
  3047 | D:3      | Found a stormy altar of Qazlal.
  3610 | D:4      | Identified the +7 flail of Destiny {antimagic, rF++ Int+2}
  3625 | D:4      | Found a bloodstained altar of Trog.
  3926 | D:5      | Entered Level 5 of the Dungeon
  3943 | D:5      | Reached XP level 6. HP: 47/47 MP: 0/0
  3947 | D:5      | Noticed a black bear
  3962 | D:5      | Killed a black bear
  4065 | D:5      | Found a staircase to the Ecumenical Temple.
  4099 | Temple   | Entered the Ecumenical Temple
  4186 | Temple   | Became a worshipper of Warmaster Okawaru
  4295 | D:5      | Noticed a black bear
  4308 | D:5      | Killed a black bear
  4309 | D:5      | Reached skill level 5 in Fighting
  4309 | D:5      | Reached skill level 5 in Armour
  4309 | D:5      | Reached XP level 7. HP: 26/54 MP: 0/0
  4309 | D:5      | Learned a level 3 spell: Ignite Poison
  4778 | D:5      | Reached skill level 1 in Invocations
  5147 | D:5      | Reached * piety under Okawaru
  5226 | D:5      | Reached skill level 2 in Invocations
  5436 | D:5      | Reached XP level 8. HP: 56/59 MP: 0/0
  5576 | D:5      | Found Gatuisej's Armour Emporium.
  5581 | D:5      | Bought a +1 pair of gloves of dexterity for 214 gold pieces
  5894 | D:6      | Noticed Duvessa
  5895 | D:6      | Noticed Dowan
  6146 | D:6      | Killed Duvessa
  6147 | D:6      | Reached skill level 1 in Dodging
  6153 | D:6      | Killed Dowan
  6443 | D:6      | Reached skill level 3 in Invocations
  6689 | D:6      | Identified a scroll of acquirement
  6689 | D:6      | Acquired the +10 double sword "Itwemp" {protect, rCorr
                  | Str+3 Int-3}
  6782 | D:6      | Reached ** piety under Okawaru
  6783 | D:6      | Reached skill level 5 in Long Blades
  6917 | D:6      | Noticed Blork the orc
  7048 | D:6      | Killed Blork the orc
  7131 | D:6      | Reached skill level 4 in Invocations
  7131 | D:6      | Reached XP level 9. HP: 54/65 MP: 0/0
  7131 | D:6      | Learned a level 4 spell: Animate Armour
  7360 | D:6      | Noticed Edmund
  7441 | D:6      | Killed Edmund
  8001 | D:7      | Reached *** piety under Okawaru
  8289 | D:7      | Reached skill level 5 in Invocations
  8344 | D:7      | Reached skill level 5 in Dodging
  8971 | D:8      | Noticed a troll
  8979 | D:8      | Killed a troll
  8979 | D:8      | Reached **** piety under Okawaru
  8980 | D:8      | Reached XP level 10. HP: 56/70 MP: 0/0
  9110 | D:8      | Found a white marble altar of Elyvilon.
  9189 | D:8      | Reached skill level 6 in Invocations
  9251 | D:8      | Identified the +1 ring mail "Dezomm" {+Blink rF- Will++}
  9302 | D:8      | Noticed a two-headed ogre
  9309 | D:8      | Killed a two-headed ogre
  9728 | D:8      | Found an ornate altar of the Wu Jian Council.
 10649 | D:9      | Reached skill level 7 in Invocations
 11016 | D:9      | Found a staircase to the Lair.
 11061 | D:9      | Reached XP level 11. HP: 70/75 MP: 0/0
 11061 | D:9      | Learned a level 5 spell: Summon Mana Viper
 11107 | D:9      | Reached ***** piety under Okawaru
 11431 | D:10     | Entered Level 10 of the Dungeon
 11480 | D:10     | Reached skill level 10 in Long Blades
 11934 | D:10     | Identified the +3 double sword "Ereppugi" {antimagic, MP-9
                  | Int+5 Dex+10} (Okawaru gifted it to you on level 10 of the
                  | Dungeon)
 11934 | D:10     | Received a gift from Okawaru
 12125 | D:10     | Noticed a two-headed ogre
 12133 | D:10     | Killed a two-headed ogre
 12458 | D:11     | Noticed a boulder beetle
 12475 | D:11     | Killed a boulder beetle
 12825 | D:11     | Found a runed translucent door.
 12825 | D:11     | Found a shimmering altar of Xom.
 12825 | D:11     | Noticed Sobieck's ghost (journeyman DEFE)
 12825 | D:11     | Noticed a +3 morningstar of chaos
 13163 | D:11     | Reached skill level 8 in Invocations
 14044 | D:12     | Found a staircase to the Orcish Mines.
 14066 | D:12     | Reached XP level 12. HP: 77/81 MP: 0/0
 14070 | D:12     | Identified the +4 scimitar "Miuxeg" {freeze, rC- rN+ Dex+4}
                  | (Okawaru gifted it to you on level 12 of the Dungeon)
 14070 | D:12     | Received a gift from Okawaru
 14459 | D:12     | Noticed a tengu warrior
 14459 | D:12     | Noticed a tengu warrior
 14470 | D:12     | Killed a tengu warrior
 14480 | D:12     | Killed a tengu warrior
 14712 | D:12     | Noticed Erolcha
 14803 | D:12     | Noticed a boulder beetle
 14807 | D:12     | Noticed a two-headed ogre
 14825 | D:12     | Killed a boulder beetle
 14829 | D:12     | Killed a two-headed ogre
 14830 | D:12     | Reached skill level 10 in Shields
 15158 | D:12     | Killed Erolcha
 15158 | D:12     | Received a gift from Okawaru
 15610 | D:12     | Found a hazy altar of Hepliaklqana.
 15731 | Lair:1   | Entered Level 1 of the Lair of Beasts
 15852 | Lair:1   | Noticed a six-headed hydra
 15870 | Lair:1   | Killed a six-headed hydra
 16376 | Lair:1   | Acquired a manual of Shields
 16871 | Lair:2   | Reached XP level 13. HP: 85/85 MP: 0/0
 16871 | Lair:2   | Learned a level 5 spell: Alistair's Intoxication
 17411 | Lair:2   | Noticed Fannar
 17434 | Lair:2   | Killed Fannar
 18279 | Lair:3   | Found a staircase to the Shoals.
 18989 | Lair:3   | Found a staircase to the Snake Pit.
 18991 | Lair:3   | Received a gift from Okawaru
 21208 | Lair:3   | Reached XP level 14. HP: 92/92 MP: 0/0
 22338 | Lair:5   | Reached skill level 15 in Shields
 23081 | Lair:6   | Entered Level 6 of the Lair of Beasts
 23275 | Lair:6   | Received a gift from Okawaru
 23466 | Lair:6   | Reached skill level 10 in Armour
 24568 | Lair:6   | Reached ****** piety under Okawaru
 25008 | Lair:6   | Found a staircase to the Slime Pits.
 25054 | Lair:6   | Received a gift from Okawaru
 25055 | Lair:6   | Reached XP level 15. HP: 37/100 MP: 0/0
 25055 | Lair:6   | Learned a level 6 spell: Dispersal
 25428 | Lair:6   | Reached skill level 15 in Long Blades
 25751 | Lair:6   | Identified the ring of Daewnops {rCorr AC+4 Str-2 Int+4}
 26363 | Orc:1    | Entered Level 1 of the Orcish Mines
 27221 | Orc:2    | Entered Level 2 of the Orcish Mines
 27773 | Orc:2    | Found a staircase to the Elven Halls.
 28046 | Orc:2    | Found Ximeug's Jewellery Boutique.
 28071 | Orc:2    | Received a gift from Okawaru
 28513 | Orc:2    | Found Koaraf's General Store.
 28514 | Orc:2    | Found Tadaghyl's Antique Armour Shoppe.
 28517 | Orc:2    | Found Fufui's Magic Scroll Shoppe.
 28517 | Orc:2    | Found Rutoyn's Magic Scroll Shop.
 29290 | Orc:2    | Bought glowing ice dragon scales for 1638 gold pieces
 29303 | Orc:2    | Bought a scroll of teleportation for 48 gold pieces
 29303 | Orc:2    | Bought a scroll of teleportation for 48 gold pieces
 29304 | Orc:2    | Bought a scroll of blinking for 75 gold pieces
 29304 | Orc:2    | Bought a scroll of teleportation for 30 gold pieces
 29304 | Orc:2    | Bought a scroll of teleportation for 30 gold pieces
 29304 | Orc:2    | Bought a scroll of teleportation for 30 gold pieces
 29304 | Orc:2    | Bought a scroll of fog for 20 gold pieces
 29305 | Orc:2    | Bought a scroll of teleportation for 42 gold pieces
 29305 | Orc:2    | Bought a scroll of fog for 28 gold pieces
 29305 | Orc:2    | Bought a scroll of fear for 49 gold pieces
 29683 | D:13     | Reached skill level 1 in Evocations
 29750 | D:13     | Found a gate to the Vaults.
 29774 | D:13     | Received a gift from Okawaru
 30145 | D:13     | Reached XP level 16. HP: 88/112 MP: 0/0
 30894 | D:14     | Found a transporter.
 30895 | D:14     | Noticed Reont's ghost (journeyman TeGl)
 30964 | D:14     | Found a broken altar of Ashenzari.
 31023 | D:14     | Identified the +5 helmet of Peojuy {Contam rElec rPois
                  | Int+4}
 31255 | D:14     | Identified the +2 great mace "Seisatur" {flame, Dex+3}
 31259 | D:14     | Found a transporter.
 31808 | D:15     | Entered Level 15 of the Dungeon
 31909 | D:15     | Reached skill level 10 in Fighting
 31909 | D:15     | Reached skill level 5 in Evocations
 32010 | D:15     | Received a gift from Okawaru
 32108 | D:15     | Found the +3 robe of Folly {Archmagi, Will-- Int+5}
 32275 | D:15     | Found a runed translucent gate.
 32276 | D:15     | Found a runed translucent gate.
 32277 | D:15     | Found a runed translucent gate.
 32313 | D:15     | Noticed Cutsopp's ghost (adept MiBe)
 32455 | D:15     | Killed Cutsopp's ghost
 32796 | D:15     | Paralysed by an orc sorcerer for 7 turns
 32921 | D:15     | Found a staircase to the Depths.
 33400 | Snake:1  | Entered Level 1 of the Snake Pit
 33529 | Snake:1  | Identified the Almanac of Supportive Feathers
 33578 | Snake:1  | Received a gift from Okawaru
 33595 | Snake:1  | Acquired 790 gold pieces
 33894 | Snake:1  | Reached XP level 17. HP: 121/121 MP: 0/0
 33894 | Snake:1  | Learned a level 6 spell: Simulacrum
 34959 | Snake:2  | Found Suuwuem's Book Shop.
 34961 | Snake:2  | Found Raywn's Jewellery Emporium.
 34962 | Snake:2  | Found Ulefylen's Book Shop.
 36020 | Snake:3  | Found Xiezeuzu's Weapon Shop.
 36174 | Snake:3  | Noticed Vashnia
 36198 | Snake:3  | Killed Vashnia
 36602 | Snake:3  | Received a gift from Okawaru
 36817 | Snake:3  | Reached skill level 10 in Evocations
 38716 | Snake:4  | Entered Level 4 of the Snake Pit
 38716 | Snake:4  | Noticed Aizul
 38730 | Snake:4  | Killed Aizul
 38785 | Snake:4  | Noticed Mara
 38797 | Snake:4  | Noticed gimp's illusion
 39362 | Snake:4  | Reached XP level 18. HP: 114/130 MP: 0/0
 39867 | Snake:4  | Identified the +2 pair of gloves of Circular Logic {Rampage
                  | rC- rCorr Dex+3} (Okawaru gifted it to you on level 4 of
                  | the Snake Pit)
 39867 | Snake:4  | Received a gift from Okawaru
 40319 | Snake:4  | Reached skill level 9 in Invocations
 40377 | Snake:4  | Reached skill level 15 in Armour
 41092 | Snake:4  | Paralysed by a salamander for 5 turns
 41533 | Snake:4  | Noticed gimp's illusion
 41560 | Snake:4  | Noticed gimp's illusion
 41568 | Snake:4  | Killed Mara
 41568 | Snake:4  | Identified the +5 double sword of the Puffin {freeze,
                  | Str+2} (Okawaru gifted it to you on level 4 of the Snake
                  | Pit)
 41568 | Snake:4  | Received a gift from Okawaru
 42091 | Snake:4  | Got a serpentine rune of Zot
 42323 | Shoals:1 | Entered Level 1 of the Shoals
 42595 | Snake:2  | Bought a ring of willpower for 350 gold pieces
 43573 | Shoals:2 | Reached XP level 19. HP: 125/140 MP: 0/0
 43573 | Shoals:2 | Learned a level 7 spell: Ozocubu's Refrigeration
 43619 | Shoals:2 | Found Mistole's Weapon Emporium.
 43649 | Shoals:2 | Received a gift from Okawaru
 43829 | Shoals:2 | Found Walotud's Armour Shoppe.
 44744 | Shoals:2 | Found Zuozys's Jewellery Boutique.
 44779 | Shoals:2 | Bought the ring of Ethif {rC+ Str+4 Slay+4} for 1503 gold
                  | pieces
 44924 | Shoals:3 | Noticed Polyphemus
 44966 | Shoals:3 | Killed Polyphemus
 45386 | Shoals:3 | Noticed Ilsuiw
 45417 | Shoals:3 | Killed Ilsuiw
 46534 | Shoals:4 | Entered Level 4 of the Shoals
 47154 | Shoals:4 | Reached skill level 15 in Fighting
 47623 | Shoals:4 | Reached skill level 1 in Throwing
 47640 | Shoals:4 | Received a gift from Okawaru
 47856 | Shoals:4 | Received a gift from Okawaru
 48227 | Shoals:4 | Got a barnacled rune of Zot
 49303 | Vaults:1 | Entered Level 1 of the Vaults
 49884 | Vaults:1 | Acquired 928 gold pieces
 49925 | Vaults:1 | Reached XP level 20. HP: 102/149 MP: 0/0
 50508 | Vaults:1 | Received a gift from Okawaru
 51479 | Vaults:1 | Identified the +2 kite shield of Poroerruub {rPois Str+4}
                  | (Okawaru gifted it to you on level 1 of the Vaults)
 51479 | Vaults:1 | Received a gift from Okawaru
 51492 | Vaults:1 | Reached skill level 5 in Throwing
 52195 | Vaults:2 | Paralysed by a great orb of eyes for 5 turns
 52742 | Vaults:2 | Reached skill level 15 in Evocations
 52906 | Vaults:2 | Identified the ring of Jiudgh {rN+ Str+5 Int+6 Slay-3}
 53095 | Vaults:2 | Reached XP level 21. HP: 132/155 MP: 0/0
 53095 | Vaults:2 | Learned a level 8 spell: Necromutation
 53306 | Vaults:2 | Received a gift from Okawaru
 53799 | Vaults:2 | Received a gift from Okawaru
 54265 | Vaults:2 | Found Gucybir's Magic Scroll Boutique.
 54273 | Vaults:2 | Bought a scroll of teleportation for 63 gold pieces
 54273 | Vaults:2 | Bought a scroll of enchant armour for 157 gold pieces
 54273 | Vaults:2 | Bought a scroll of vulnerability for 157 gold pieces
 55970 | Vaults:3 | Found a portal to a secret trove of treasure.
 56461 | Vaults:3 | Received a gift from Okawaru
 56859 | Vaults:3 | Found a staircase to the Crypt.
 57478 | Vaults:3 | Received a gift from Okawaru
 58057 | Vaults:4 | Received a gift from Okawaru
 58065 | Vaults:4 | Reached skill level 10 in Dodging
 58332 | Vaults:4 | Reached XP level 22. HP: 161/161 MP: 0/0
 59359 | Vaults:4 | Identified the +10 demon blade "Xujas" {vamp, rElec rC+
                  | Str+7} (Okawaru gifted it to you on level 4 of the Vaults)
 59359 | Vaults:4 | Received a gift from Okawaru
 60728 | Vaults:3 | You paid a toll of a +7 demon trident to enter a treasure
                  | trove
 60729 | Trove    | Entered a treasure trove
 60753 | Trove    | Identified the +1 demon blade of Wuot {flame, Dex+2}
 60966 | Depths:1 | Entered Level 1 of the Depths
 61574 | Depths:1 | Found a gateway to Hell.
 61594 | Depths:1 | Identified the +0 pair of gloves "Duklazob" {Slay+3}
                  | (Okawaru gifted it to you on level 1 of the Depths)
 61594 | Depths:1 | Received a gift from Okawaru
 61920 | Depths:1 | Reached skill level 10 in Throwing
 61924 | Depths:1 | Found Sazxodun's Assorted Antiques.
 62087 | Depths:1 | Bought a scroll of teleportation for 102 gold pieces
 62087 | Depths:1 | Bought a potion of curing for 102 gold pieces
 62087 | Depths:1 | Bought a potion of ambrosia for 272 gold pieces
 62277 | Depths:1 | Found a one-way gate to the infinite horrors of the Abyss.
 62759 | Depths:2 | Noticed Bai Suzhen
 62798 | Depths:1 | Killed Bai Suzhen
 63367 | Depths:2 | Noticed a juggernaut
 63378 | Depths:2 | Killed a juggernaut
 63379 | Depths:2 | Reached XP level 23. HP: 143/166 MP: 0/0
 63379 | Depths:2 | Learned a level 8 spell: Ignition
 63907 | Depths:2 | Identified the ring "Edycs" {rPois rF+ rN++ Str-5 Int+6}
 64026 | Depths:2 | Found the +6 shillelagh "Devastator" {shatter}
 64096 | Depths:2 | Received a gift from Okawaru
 64327 | Depths:2 | Found Momany's Assorted Antiques.
 64329 | Depths:2 | Found Oxkiju's Book Boutique.
 64331 | Depths:2 | Found Faxziori's Antique Armour Shop.
 64343 | Depths:2 | Bought a fine hat for 342 gold pieces
 64343 | Depths:2 | Identified the +5 hat of Cowardice {rF++} (You bought it in
                  | a shop on level 2 of the Depths)
 64343 | Depths:2 | Bought a scroll of enchant armour for 285 gold pieces
 64349 | Depths:2 | Bought a scroll of teleportation for 114 gold pieces
 64349 | Depths:2 | Bought a scroll of teleportation for 114 gold pieces
 64593 | Depths:3 | Paralysed by a floating eye for 2 turns
 65119 | Depths:3 | Found a one-way gate leading to the halls of Pandemonium.
 65120 | Depths:3 | Found a gateway to a ziggurat.
 65149 | Depths:3 | Identified the +2 scimitar of Relativism {vorpal, Int+3
                  | Dex+4} (Okawaru gifted it to you on level 3 of the Depths)
 65149 | Depths:3 | Received a gift from Okawaru
 65252 | Depths:3 | Found a stormy altar of Qazlal.
 65253 | Depths:3 | Found a white marble altar of Elyvilon.
 65767 | Depths:3 | Received a gift from Okawaru
 66065 | Depths:3 | Paralysed by a floating eye for 4 turns
 66069 | Depths:3 | Identified the +4 hand crossbow of Spring {flame, rC- rN+
                  | Stlth+}
 66089 | Depths:3 | Noticed a golden dragon
 66110 | Depths:3 | Killed a golden dragon
 66335 | Depths:3 | Identified the +10 quarterstaff of Mana {vorpal, Fragile
                  | Fly rElec Str-5}
 66459 | Depths:3 | Noticed a caustic shrike
 66472 | Depths:3 | Killed a caustic shrike
 66613 | Depths:3 | Reached XP level 24. HP: 173/173 MP: 0/0
 67163 | Depths:3 | Noticed the Enchantress
 67655 | Depths:3 | Killed the Enchantress
 67656 | Depths:3 | Reached skill level 15 in Dodging
 67686 | Depths:3 | Received a gift from Okawaru
 68309 | Depths:4 | Noticed a juggernaut
 68324 | Depths:4 | Killed a juggernaut
 68368 | Depths:4 | Found a runed translucent gate.
 68368 | Depths:4 | Found a runed translucent gate.
 68368 | Depths:4 | Found a runed translucent gate.
 68599 | Depths:4 | Found a runed translucent gate.
 68599 | Depths:4 | Found a runed translucent gate.
 68599 | Depths:4 | Found a runed translucent gate.
 68599 | Depths:4 | Identified the ring "Xesopt" {Fly Str+4}
 69442 | Depths:4 | Received a gift from Okawaru
 69782 | Depths:4 | You are sucked into a shaft and drop 1 floor!
 69782 | Depths:5 | Entered Level 5 of the Depths
 69940 | Depths:5 | Received a gift from Okawaru
 70187 | Depths:5 | Noticed a juggernaut
 70215 | Depths:5 | Killed a juggernaut
 71010 | Depths:5 | Reached XP level 25. HP: 168/178 MP: 0/0
 71010 | Depths:5 | Learned a level 8 spell: Disjunction
 71077 | Depths:5 | Found a gate to the Realm of Zot.
 71339 | Depths:5 | Found a corrupted altar of Lugonu.
 71362 | Depths:5 | Received a gift from Okawaru
 71717 | Depths:4 | Identified the -1 helmet of the Untouchables {Int+2 Stlth+}
 73091 | Vaults:5 | Entered Level 5 of the Vaults
 73381 | Vaults:4 | Received a gift from Okawaru
 73674 | Vaults:4 | Received a gift from Okawaru
 74155 | Vaults:5 | Identified the +9 falchion "Ageo" {vorpal, rC- Dex+4}
                  | (Okawaru gifted it to you on level 5 of the Vaults)
 74155 | Vaults:5 | Received a gift from Okawaru
 74692 | Vaults:5 | Identified the Tome of the Entourage and Ice
 74788 | Vaults:5 | Identified the +5 quarterstaff of the Living Dead {vorpal,
                  | rC+ rN+}
 74896 | Vaults:5 | Reached XP level 26. HP: 147/184 MP: 0/0
 75281 | Vaults:5 | Identified the +2 dagger "Rumeuxt" {vamp, rC+ rN+}
 75312 | Vaults:5 | Identified the +5 long sword of the Hidden Vale {vorpal,
                  | rPois Str+2} (Okawaru gifted it to you on level 5 of the
                  | Vaults)
 75312 | Vaults:5 | Received a gift from Okawaru
 75357 | Vaults:5 | Reached skill level 15 in Throwing
 75696 | Vaults:5 | Identified the +4 plate armour of Hairy Birdsong {Dex+2}
 75699 | Vaults:5 | Identified the +10 plate armour of Tortured the Good
                  | {+Blink rC+ MP-9 Int+2}
 76358 | Vaults:5 | Received a gift from Okawaru
 76513 | Vaults:5 | Got a silver rune of Zot
 76554 | Vaults:5 | Identified the +1 buckler "Giut" {rN+ Slay+2}
 77272 | Snake:2  | Bought the ring "Cotakkykk" {rPois rF- rN+++ Str+6 Dex+2}
                  | for 1230 gold pieces
 77554 | Temple   | Fell from the grace of Okawaru
 77554 | Temple   | Became a worshipper of Zin the Law-Giver
 77554 | Temple   | Reached * piety under Zin
 77554 | Temple   | Reached ** piety under Zin
 77556 | Temple   | Donated 995 gold pieces to Zin
 77574 | D:5      | Reached *** piety under Zin
 77696 | D:11     | Killed Sobieck's ghost
 77703 | D:11     | Reached **** piety under Zin
 77908 | Crypt:1  | Entered Level 1 of the Crypt
 78240 | Crypt:1  | Reached ***** piety under Zin
 79811 | Crypt:1  | You are sucked into a shaft and drop 1 floor!
 81449 | Crypt:3  | Entered Level 3 of the Crypt
 82137 | Crypt:3  | Reached XP level 27. HP: 163/190 MP: 0/0
 82137 | Crypt:3  | Learned a level 9 spell: Death's Door
 82356 | Crypt:3  | Noticed a dread lich
 82359 | Crypt:3  | Found a basalt altar of Yredelemnul.
 82367 | Crypt:3  | Killed a dread lich
 82368 | Crypt:3  | Reached skill level 10 in Invocations
 82378 | Crypt:3  | Reached ****** piety under Zin
 83528 | Crypt:3  | Reached skill level 11 in Invocations
 83918 | Crypt:3  | Found a staircase to the Tomb.
 85234 | Slime:1  | Entered Level 1 of the Pits of Slime
 86173 | Slime:3  | Reached skill level 12 in Invocations
 87374 | Slime:5  | Entered Level 5 of the Pits of Slime
 87431 | Slime:5  | Noticed the Royal Jelly
 87531 | Slime:4  | Was forgiven by Okawaru
 88441 | Slime:2  | Reached skill level 13 in Invocations
 89556 | Slime:5  | Found a viscous altar of Jiyva.
 89679 | Slime:5  | Killed the Royal Jelly
 90050 | Slime:5  | Identified the amulet "Vuvainn" {Reflect rCorr Slay+2 SH+5}
 90083 | Slime:5  | Identified the +8 shortbow of the Saving Bear {freeze,
                  | rPois Will+ Str+3 Int+2}
 90085 | Slime:5  | Got a slimy rune of Zot
 90086 | Slime:5  | Identified the ring "Nuol" {rElec rPois rCorr Slay-2}
 90705 | Depths:1 | Voluntarily entered the Abyss.
 91291 | Abyss:3  | Reached skill level 14 in Invocations
 91898 | Abyss:3  | Acquired 748 gold pieces
 91979 | Abyss:4  | Found a corrupted altar of Lugonu.
 92030 | Abyss:4  | Got an abyssal rune of Zot
 92077 | Depths:1 | Escaped the Abyss
 92532 | Zig:1    | Entered Level 1 of a ziggurat
 92549 | Zig:2    | Entered Level 2 of a ziggurat
 92571 | Zig:2    | Identified the +7 halberd of Pahoabug {vorpal, Str-3 Int+6
                  | Dex+3}
 92602 | Zig:3    | Entered Level 3 of a ziggurat
 92641 | Zig:3    | Reached skill level 15 in Invocations
 92643 | Zig:3    | Identified the ring of Skepticism {rF+ rN+ Will+ Dex-3
                  | SInv}
 92748 | Zig:4    | Entered Level 4 of a ziggurat
 92782 | Zig:4    | Identified the +4 eveningstar "Lef Niri" {venom, Will-
                  | rCorr Stlth+}
 92907 | Zig:5    | Entered Level 5 of a ziggurat
 92953 | Zig:5    | Identified Coonumuqia's Compendium of the Freezing Oath
 93125 | Zig:6    | Entered Level 6 of a ziggurat
 93691 | Pan      | Entered Pandemonium
 93713 | Pan      | Noticed Cisogis the pandemonium lord
 93761 | Pan      | Zin protects you from harm!
 95475 | Pan      | Noticed Medehon the pandemonium lord
 95519 | Pan      | HP: 9/194 [smoke demon/divine providence (13)]
 95524 | Pan      | Reached skill level 16 in Invocations
 96304 | Pan      | Killed Medehon the pandemonium lord
 96816 | Pan      | Got a demonic rune of Zot
 97375 | Pan      | Entered the realm of Gloorx Vloq.
 97954 | Pan      | Reached skill level 17 in Invocations
 98245 | Pan      | Noticed Gloorx Vloq
 98266 | Pan      | Killed Gloorx Vloq
 98269 | Pan      | Got a dark rune of Zot
 98934 | Pan      | Reached skill level 18 in Invocations
 99537 | Pan      | Entered the realm of Mnoleg.
 99761 | Pan      | Lost intelligence.
 99770 | Pan      | Noticed Mnoleg
 99786 | Pan      | Paralysed by a floating eye for 4 turns
 99805 | Pan      | Paralysed by a floating eye for 2 turns
 99912 | Pan      | Reached skill level 19 in Invocations
 99925 | Pan      | Killed Mnoleg
100426 | Pan      | Got a glowing rune of Zot
100600 | Pan      | HP: 10/200 [??? (3)]
101061 | Pan      | Found a huge runed translucent gate.
101062 | Pan      | Found a huge runed translucent gate.
101063 | Pan      | Found a huge runed translucent gate.
101065 | Pan      | Found a huge runed translucent gate.
101648 | Pan      | Found a huge runed translucent gate.
101808 | Pan      | Reached skill level 20 in Invocations
102219 | Pan      | Noticed Suwuomm the pandemonium lord
102231 | Pan      | Identified the +6 short sword of Harmony {speed, rCorr
                  | Str+3 Int+2}
102542 | Pan      | Entered the realm of Lom Lobon.
104137 | Pan      | Noticed Lom Lobon
104171 | Pan      | Killed Lom Lobon
104304 | Pan      | Got a magical rune of Zot
104457 | Pan      | Reached skill level 21 in Invocations
106556 | Pan      | Entered the realm of Cerebov.
107429 | Pan      | Found an exit through the horrors of the Abyss.
107932 | Pan      | Reached skill level 22 in Invocations
108121 | Pan      | Identified the ring of Emief {rC+ AC+4}
108207 | Pan      | Found the +6 sword of Cerebov {flame}
108207 | Pan      | Noticed Cerebov
108282 | Pan      | Killed Cerebov
108492 | Pan      | Identified the +0 pair of boots "Fuiriypn" {Int+2}
108532 | Pan      | Identified the ring "Wisusk" {rC+ Dex+6 Stlth-}
108545 | Pan      | Identified the +9 dagger of Dust {vorpal, Will+ Int-5 Dex+4
                  | Stlth+}
108546 | Pan      | Identified the +4 kite shield of the Other Side {Regen+
                  | Slay+4 SInv Stlth-}
108661 | Pan      | Got a fiery rune of Zot
108948 | Pan      | Took an exit into the Abyss.
108948 | Abyss:1  | Escaped into the Abyss
109171 | Depths:3 | Escaped the Abyss
109175 | Hell     | Entered the Vestibule of Hell
109175 | Hell     | Noticed Geryon
109207 | Hell     | Killed Geryon
109787 | Hell     | Found a gateway to the Iron City of Dis.
110225 | Depths:3 | Reached skill level 23 in Invocations
111315 | Hell     | Found a gateway to the freezing wastes of Cocytus.
111650 | Hell     | Found a gateway to the decaying netherworld of Tartarus.
111799 | Hell     | Found a gateway to the ashen valley of Gehenna.
112114 | Dis:1    | Entered Level 1 of the Iron City of Dis
114230 | Dis:2    | Reached skill level 24 in Invocations
115457 | Dis:3    | HP: 8/209 [iron giant/+0 giant spiked club (30)]
117076 | Dis:5    | Reached skill level 25 in Invocations
118709 | Dis:7    | Entered Level 7 of the Iron City of Dis
119697 | Dis:7    | Reached skill level 26 in Invocations
120172 | Dis:7    | Found the +4 staff of Dispater
120172 | Dis:7    | Noticed Dispater
120202 | Dis:7    | Got an iron rune of Zot
120204 | Dis:7    | Identified the +4 flail "Qoics" {freeze, MP+9 Dex+5}
120555 | Geh:1    | Entered Level 1 of Gehenna
121571 | Geh:3    | Found a huge runed gate.
121571 | Geh:3    | Found a huge runed gate.
121571 | Geh:3    | Found a huge runed gate.
121571 | Geh:3    | Found a huge runed gate.
121571 | Geh:3    | Found a huge runed gate.
121571 | Geh:3    | Found a huge runed gate.
121725 | Geh:3    | Found a huge runed gate.
121725 | Geh:3    | Found a huge runed gate.
121725 | Geh:3    | Found a huge runed gate.
121725 | Geh:3    | Found a huge runed gate.
121841 | Geh:3    | Killed from afar by a Brimstone Fiend

Illustrated notes

Levels and vault maps discovered:
D:1:      elethiomel_arrival_infinity_welcomes_careful_drivers, layout_basic,
          hellmonk_ecumenical_altar_leap_of_faith
D:2:      layout_loops_ring, basic_altar, serial_park_tiny_pond, uniq_robin,
          uniq_crazy_yiuf_cottage
D:3:      layout_basic, general_overflow_altar,
          gammafunk_temple_overflow_statue, serial_shops, shop
D:4:      layout_rooms, nicolae_overflow_hidden_temple
D:5:      layout_basic, minmay_temple_entry_glass, serial_shops, shop,
          skrybe_limestone_x
D:6:      layout_basic, grunt_ministairs_12, minmay_splitting_lines,
          uniq_duvessa, uniq_blork_the_orc, uniq_edmund
D:7:      kennysheep_housing_project, layout_rooms
D:8:      layout_basic, pdpol_wu_jian_five_deadly_venoms, lemuel_doored_altar,
          nicolae_sextant, amcnicky_mini_pool_small, chequers_arboretum,
          item_on_display_a
D:9:      layout_stronghold, minmay_lair_entry_grove, serial_bayou,
          serial_bayou_shore_a, serial_bayou_pond_e, serial_bayou_shore_b,
          serial_bayou_lagoon_b
D:10:     layout_gridville
D:11:     layout_roguey, ebering_ghost_xom
D:12:     layout_loops_ring, zombieorc2_lemuel,
          nicolae_hepliaklqana_monster_ancestors, uniq_erolcha
D:13:     layout_cave_pools, skrybe_vaults_entry_preservation
D:14:     layout_rooms, gammafunk_ghost_smash, cheibrodos_ashenzari_chains
D:15:     grunt_enter_depths_magical_seal, layout_rooms,
          gammafunk_ghost_spectres, hangedman_decor_push
Temple:   compressed_dpeg_circular_temple
Lair:1:   layout_gridlike, lemuel_fruit_tree
Lair:2:   layout_hall_layers, uniq_fannar
Lair:3:   layout_chaotic_city, minmay_shoals_entry_centaurs,
          minmay_snake_entry_guardpost_medium, grunt_megastairs_2,
          minmay_lair_oklob_chamber
Lair:4:   onia_ninara_swampy_vault, layout_small_grid
Lair:5:   layout_concentric_octagons, grunt_megastairs_3
Lair:6:   gammafunk_lair_ancient_temple, layout_cave_pods,
          nicolae_slime_entry_slimehenge
Shoals:1: layout_shoals
Shoals:2: layout_shoals, serial_shops, shop, nicolae_shop_crystal, shop_statue
Shoals:3: layout_shoals, uniq_ilsuiw, uniq_polyphemus
Shoals:4: shoals_end_grunt_ice, layout_shoals, shoals_ilsuiw_ice,
          nicolae_shoals_loop_pool
Snake:1:  layout_misc_corridors, st_stairs_7
Snake:2:  layout_onion, serial_bayou_shore_b, minmay_shop_grove,
          serial_bayou_shore_b
Snake:3:  layout_chambers, serial_shops, shop, uniq_vashnia
Snake:4:  johnstein_snake_rune_scales, layout_cave_town, uniq_aizul, uniq_mara
Slime:1:  layout_caves
Slime:2:  layout_caves, nicolae_slime_welcoming_committee
Slime:3:  layout_caves, uniq_dissolution
Slime:4:  layout_caves
Slime:5
Orc:1:    layout_diamond_mine
Orc:2:    st_orc_ogre_mass, layout_caves, serial_shops, shop
Vaults:1: nicolae_vaults_border_crossing, v_misc_24, hangedman_vaults_corner,
          nicolae_vaults_bisected_slash, grunt_vaults_hallway_long, v_misc_27,
          v_pattern_5, ontoclasm_vaults_ligature, vaults_room_door_hall,
          v_misc_14, ontoclasm_vaults_decontamination,
          nicolae_vaults_three_branches, layout_vaults_big_room
Vaults:2: v_pattern_2, vaults_room_large_hall, hangedman_vaults_snaps,
          v_misc_32, v_misc_10, vaults_room_corners,
          vaults_standard_mumra_enter_the_diamond, vaults_room_grid,
          layout_vaults_omnigrid, serial_shops, nicolae_shop_waterfront
Vaults:3: hangedman_vaults_restitches, grunt_vaults_hallway_short,
          nicolae_vaults_rhombus_7, vaults_room_hallway, special_room_vaults
          [special_room_orc], minmay_crypt_entry_simple_plaza,
          vaults_dpeg_hooks, nicolae_vaults_network_periphery, vaults_mumra_hex,
          nicolae_vaults_little_ls, nicolae_vaults_little_squares_4,
          ontoclasm_vaults_gateway, vaults_standard_mumra_enter_the_diamond,
          layout_vaults_omnicross, nicolae_trove_entry_columns
Vaults:4: nicolae_vaults_inception_network, v_alt_pattern_1,
          grunt_vaults_twisty, v_misc_25, ontoclasm_vaults_fault,
          vaults_dpeg_encased_lava, vaults_dpeg_cross,
          ontoclasm_vaults_loading_screen, nicolae_vaults_network_star,
          vaults_room_fours, layout_vaults_omnibox
Vaults:5
Crypt:1:  layout_chaotic_city
Crypt:2:  layout_regular_city, minivault_25, amcnicky_mini_rare_corridor_liquid,
          serial_sigils_hangedman_stare, eino_tiny_chamber,
          nicolae_crypt_twisting_catacombs, library_closet
Crypt:3:  cryptofortress_bobbens
Depths:1: layout_forbidden_donut, abyss_entry_small_statue_room, serial_shops,
          nicolae_shop_statue_plus, nicolae_twisting_strands, lightli_too_deep,
          minmay_metal_thing, grunt_megastairs_1
Depths:2: minmay_roctagon, layout_cave_shapes, hell_entry, dk_noncrumbling_4,
          minmay_protected_statue, infiniplex_staircase_door_maze,
          kennysheep_random_hallway, minmay_shop_star, uniq_bai_suzhen
Depths:3: hangedman_slaughterboxes, hell_entry, pan_entry, uniq_enchantress
Depths:4: kennysheep_treasure_stockpile, layout_gridville,
          grunt_hell_entry_dis_grunt, hangedman_abyss_entry_splay,
          kennysheep_another_room
Depths:5: evilmike_zot_entry_basic, layout_gridlike, minmay_fountain_box,
          abyss_entry_flame_altar, hell_entry, minmay_crystal_room,
          grunt_megastairs_5
Hell
Dis:1:    layout_overlapping_boxes
Dis:2:    layout_subdivisions
Dis:3:    layout_jigsaw
Dis:4:    layout_gridville, grunt_megastairs_4
Dis:5:    layout_chaotic_city
Dis:6:    layout_gridville, grunt_dis_stairs_iron_hall
Dis:7:    dis_st
Geh:1:    layout_gehenna_pools_basic, lemuel_flamethrower_2
Geh:2:    layout_gehenna_lava_caves
Geh:3:    layout_gehenna_lava_caves, door_vault

Skill      XL: |  1  2  3  4  5  6  7  8  9 10 11 12 13 14 15 16 17 18 19 20 21 22 23 24 25 26 27 |
---------------+----------------------------------------------------------------------------------+-----
Shields        | 4 5 6 9 11 14 15 | 15.0
Fighting       | 4 5 6 9 11 12 14 15 22 | 22.6
Armour         | 4 5 6 7 9 10 12 13 14 15 16 17 18 19 20 21 22 23 25 | 25.6
Long Blades    | 3 5 8 9 11 12 13 14 16 18 19 | 19.0
Invocations    | 2 4 5 7 8 9 26 | 26.6
Dodging        | 3 5 6 10 12 14 15 | 15.0
Evocations     | 2 7 11 13 15 | 15.0
Throwing       | 3 6 8 10 12 13 14 15 16 | 16.0

Action                   |  1- 3 |  4- 6 |  7- 9 | 10-12 | 13-15 | 16-18 | 19-21 | 22-24 | 25-27 || total
-------------------------+-------+-------+-------+-------+-------+-------+-------+-------+-------++-------
Melee: Long sword        |    81 |   152 |   186 |       |       |       |       |       |       ||   419
       Unarmed           |       |     5 |       |       |       |       |       |       |       ||     5
       Double sword      |       |       |   156 |   480 |  1178 |  1613 |  1845 |  1939 |  8065 || 15276
       Dagger            |       |       |       |    13 |   121 |    10 |       |       |       ||   144
Throw: Javelin           |       |       |       |       |       |       |       |       |    58 ||    58
Invok: Heroism           |       |       |       |    10 |    22 |    16 |    29 |    18 |     8 ||   103
       Finesse           |       |       |       |     1 |     7 |     4 |     9 |       |     2 ||    23
       Vitalisation      |       |       |       |       |       |       |       |       |    22 ||    22
       Recite            |       |       |       |       |       |       |       |       |    70 ||    70
       Sanctuary         |       |       |       |       |       |       |       |       |    10 ||    10
       Donate Gold       |       |       |       |       |       |       |       |       |     2 ||     2
       Imprison          |       |       |       |       |       |       |       |       |     1 ||     1
Evoke: Wand              |       |     1 |     6 |     6 |     9 |     4 |     7 |     8 |    21 ||    62
       Box of beasts     |       |       |       |       |       |     3 |       |       |       ||     3
       Lightning rod     |       |       |       |       |       |     4 |     4 |     3 |    20 ||    31
       Phantom mirror    |       |       |       |       |       |       |       |     1 |     1 ||     2
       Tin of tremorston |       |       |       |       |       |       |       |       |    18 ||    18
  Use: Potion            |     3 |       |       |       |       |       |     2 |     2 |    16 ||    23
       Scroll            |     1 |     7 |    13 |     9 |     8 |    12 |     6 |    10 |    22 ||    88
 Stab: Distracted        |       |       |       |       |     1 |       |       |       |     4 ||     5
       Confused          |       |       |       |       |       |       |       |       |    33 ||    33
Armor: Scale mail        |    51 |    87 |   192 |   125 |    97 |       |       |       |       ||   552
       Swamp dragon scal |       |       |       |       |   123 |       |       |       |       ||   123
       Chain mail        |       |       |       |       |    47 |     9 |   162 |       |       ||   218
       Ice dragon scales |       |       |       |       |    14 |   190 |       |       |       ||   204
       Gold dragon scale |       |       |       |       |       |   286 |   514 |   807 |  3725 ||  5332
Dodge: Dodged            |    37 |    49 |   171 |   205 |   392 |   282 |   423 |   558 |  3225 ||  5342
       Repelled          |       |       |       |     2 |    12 |    41 |    10 |    22 |    21 ||   108
Block: Kite shield       |    47 |    96 |   270 |   371 |  1243 |  1478 |  1625 |  1513 |  8604 || 15247
       Reflection        |       |       |       |     7 |    23 |   180 |    70 |    20 |   157 ||   457
       Rpst.: Long sword |    11 |    12 |    28 |       |       |       |       |       |       ||    51
       Double sword      |       |       |    17 |    50 |    64 |    47 |    73 |    71 |   610 ||   932

Table legend: (Time is in decaauts)
 A = Elapsed time spent in this place.
 B = Non-inter-level travel time spent in this place.
 C = Inter-level travel time spent in this place.
 D = Time resting spent in this place.
 E = Time spent auto-exploring this place.
 F = Levels seen in this place.
 G = Mean time per level.
                   A        B        C        D        E       F      G
               +--------+--------+--------+--------+--------+-----+--------+
         Total | 118547 | 111379 |   7168 |  13908 |  73088 |  91 | 1302.7 |
       Dungeon |  21538 |  19500 |   2038 |   1774 |  14061 |  15 | 1435.9 |
        Temple |    171 |    124 |     47 |      0 |     75 |   1 |  171.0 |
          Lair |  11679 |  10346 |   1333 |   1113 |   7499 |   6 | 1946.5 |
        Shoals |   6388 |   6189 |    199 |    789 |   4460 |   4 | 1597.0 |
     Snake Pit |   9105 |   8324 |    781 |   1037 |   5730 |   4 | 2276.2 |
    Slime Pits |   4149 |   3948 |    201 |   1193 |   1971 |   5 |  829.8 |
  Orcish Mines |   2688 |   2567 |    121 |    487 |   1520 |   2 | 1344.0 |
        Vaults |  14805 |  13435 |   1370 |   2019 |   8557 |   5 | 2961.0 |
         Crypt |   6282 |   6144 |    138 |    417 |   4144 |   3 | 2094.0 |
        Depths |  13932 |  13342 |    590 |   2073 |   8745 |   5 | 2786.4 |
          Hell |   3306 |   3257 |     49 |   1228 |   1658 |   1 | 3306.0 |
           Dis |   6268 |   5970 |    298 |    226 |   3449 |   7 |  895.4 |
       Gehenna |    791 |    791 |      0 |    102 |    288 |   3 |  263.7 |
         Abyss |   1437 |   1437 |      0 |      0 |    687 |   5 |  287.4 |
   Pandemonium |  15395 |  15395 |      0 |   1044 |  10240 |  18 |  855.3 |
      Ziggurat |    569 |    569 |      0 |    404 |      2 |   6 |   94.8 |
         Trove |     38 |     38 |      0 |      0 |      2 |   1 |   38.0 |
               +--------+--------+--------+--------+--------+-----+--------+

Top non-repeatable levels by time:
Depths:3: 6301 daAuts
 Snake:3: 3776 daAuts
  Lair:6: 3483 daAuts
    Hell: 3306 daAuts
Vaults:2: 3223 daAuts
Vaults:3: 3133 daAuts
Vaults:1: 2993 daAuts
Depths:1: 2882 daAuts
Vaults:5: 2881 daAuts
 Crypt:3: 2583 daAuts
Vaults:4: 2572 daAuts
 Snake:4: 2322 daAuts
     D:5: 2251 daAuts
Shoals:4: 2194 daAuts
  Lair:3: 2127 daAuts
